 Dungeon Crawl Stone Soup version 0.27-a0-1612-gde56a17b89 (webtiles) character file.

Game seed: 8513996912448090632

24108 dolemite99 the Demolition Dwarf (level 12, -11/114 HPs)
             Began as a Deep Dwarf Fighter on July 22, 2021.
             Was an Elder of Makhleb.
             Killed from afar by a swamp worm (17 damage)
             ... with a harpoon shot
             ... on level 2 of the Lair of Beasts.
             The game lasted 00:33:50 (15287 turns).

dolemite99 the Demolition Dwarf (DDFi)             Turns: 15287, Time: 00:33:50

Health: -11/114    AC: 17    Str: 21    XL:     12   Next: 77%
Magic:  4/4 (12)   EV:  4    Int: 11    God:    Makhleb [****..]
Gold:   167        SH: 12    Dex: 14    Spells: 2/11 levels left

rFire    . . .     SeeInvis +   T - +0 flail (antimagic)
rCold    . . .     Faith    +   S - +2 kite shield {rN+}
rNeg     + . .     Spirit   .   A - +0 plate armour
rPois    .         Reflect  .   g - +1 hat {SInv}
rElec    .         Harm     .   f - +1 cloak
rCorr    .         Rampage  .   r - +0 pair of gloves
Will     +....                  l - +0 pair of boots
Stlth    ..........             O - amulet of faith
HPRegen  0.00/turn              p - ring of wizardry
MPRegen  0.09/turn              (no ring)

@: no status effects
A: damage resistance, heal wounds, sense surroundings 2, no regeneration
a: Heal Wounds, Renounce Religion, Minor Destruction, Lesser Servant of Makhleb,
Major Destruction


You were on level 2 of the Lair of Beasts.
You worshipped Makhleb.
Makhleb was greatly pleased with you.
You visited 3 branches of the dungeon, and saw 16 of its levels.

You collected 701 gold pieces.
You spent 534 gold pieces at shops.

Inventory:

Hand Weapons
 a - the +9 war axe "Kuumuo" {venom, rElec Int+4}
   (You found it on level 5 of the Dungeon)

   It poisons the flesh of those it strikes.
   Int:       It affects your intelligence (+4).
   rElec:     It insulates you from electricity.
 b - a +6 vorpal hunting sling
 E - a +0 trident of freezing
 T - a +0 antimagic flail (weapon)
Missiles
 d - 108 sling bullets
 h - 368 stones (quivered)
 u - 2 throwing nets
 B - 233 arrows
 G - 5 atropa-tipped darts
 I - a curare-tipped dart
Armour
 f - a +1 cloak (worn)
 g - a +1 hat of see invisible (worn)
 l - a +0 pair of boots (worn)
 r - a +0 pair of gloves (worn)
 A - a +0 plate armour (worn)
 S - a +2 kite shield of positive energy (worn)
Jewellery
 p - a ring of wizardry (left hand)
 w - an amulet of the acrobat
 O - an amulet of faith (around neck)
Wands
 q - a wand of polymorph (14)
 y - a wand of digging (4)
Scrolls
 c - a scroll of fog
 i - a scroll of magic mapping
 s - 2 scrolls of amnesia
 M - a scroll of vulnerability
Potions
 e - 3 potions of curing
 j - a potion of berserk rage
 m - a potion of attraction
 n - 3 potions of brilliance
 v - a potion of flight {unknown}
 x - a potion of magic
 H - a potion of resistance
 J - a potion of might
 N - 2 potions of haste


   Skills:
 - Level 9.0 Fighting
 - Level 2.4 Short Blades
 - Level 11.0(12.1) Axes
 - Level 7.9(10.2) Maces & Flails
 - Level 7.7 Slings
 + Level 4.7 Armour
 - Level 4.8 Shields
 - Level 12.4 Invocations
 - Level 9.8 Evocations


You had 2 spell levels left.
You knew the following spells:

 Your Spells              Type           Power      Damage    Failure   Level
a - Apportation           Tloc           0%         N/A       100%        1
b - Passwall              Tmut/Erth      0%         N/A       100%        2
c - Mephitic Cloud        Conj/Pois/Air  0%         N/A       100%        3
d - Swiftness             Air            0%         N/A       100%        3

Your spell library contained the following spells:

 Spells                   Type           Power      Damage    Failure   Level
 Corona                   Hex            0%         N/A       100%        1
 Summon Small Mammal      Summ           0%         N/A       100%        1
 Ensorcelled Hibernation  Hex/Ice        0%         N/A       100%        2
 Poisonous Vapours        Pois/Air       0%         N/A       100%        2
 Call Canine Familiar     Summ           0%         N/A       100%        3
 Ignite Poison            Fire/Tmut/Pois 0%         N/A       100%        3
 Summon Guardian Golem    Hex/Summ       0%         N/A       100%        3
 Tukima's Dance           Hex            0%         N/A       100%        3
 Animate Dead             Necr           0%         N/A       100%        4
 Alistair's Intoxication  Tmut/Pois      0%         N/A       100%        5
 Bolt of Magma            Conj/Fire/Erth 0%         4d4       100%        5
 Freezing Cloud           Conj/Ice/Air   0%         6-21      100%        5
 Invisibility             Hex            0%         N/A       100%        6
 Haunt                    Necr/Summ      0%         N/A       100%        7
 Infestation              Necr           0%         N/A       100%        8


Dungeon Overview and Level Annotations

Branches:
Dungeon (11/15)            Temple (1/1) D:7            Lair (4/6) D:9
  Swamp (0/4) Lair:2       Spider (0/4) Lair:2          Orc (0/2) D:10

Altars:
Ashenzari
Cheibriados
Dithmenos
Elyvilon
Fedhas
Gozag
Hepliaklqana
Kikubaaqudgha
Makhleb
Nemelex Xobeh
Okawaru
Qazlal
Ru
Sif Muna
Trog
Uskayaw
Vehumet
Wu Jian
Xom
Yredelemnul
Zin
The Shining One

Shops:
D:1 ***[(   D:7 (

Annotations:
D:3 2 transporters


Innate Abilities, Weirdness & Mutations

You are resistant to damage.
You can heal yourself by infusing magical energy.
You passively map the area around you.
You do not regenerate.


Message History

The nine-headed hydra barely misses you.
Okay, then.
You feel much better.
You hear the loud crackling of a very distant melting archway.
The six-headed hydra seems to regain its courage.
You block the nine-headed hydra's attack. x2
The nine-headed hydra completely misses you.
The nine-headed hydra bites you. x3
The nine-headed hydra bites you but does no damage.
The nine-headed hydra bites you!
* * * LOW HITPOINT WARNING * * *
The nine-headed hydra bites you!
* * * LOW HITPOINT WARNING * * *
A demon appears!
You block the nine-headed hydra's attack.
The nine-headed hydra bites you but does no damage.
You block the nine-headed hydra's attack.
The nine-headed hydra bites you.
* * * LOW HITPOINT WARNING * * *
The nine-headed hydra bites you. The nine-headed hydra bites you!
* * * LOW HITPOINT WARNING * * *
The nine-headed hydra bites you.
* * * LOW HITPOINT WARNING * * *
The nine-headed hydra bites you!
* * * LOW HITPOINT WARNING * * *
The nine-headed hydra bites you.
Okay, then.
Okay, then.
Okay, then.
Okay, then.
Okay, then.
Okay, then.
Okay, then.
Okay, then.
The +9 war axe "Kuumuo" {venom, rElec Int+4} stops dripping with poison.
You feel magic leave you.
T - a +0 antimagic flail (weapon)
The swamp worm fires a harpoon shot at you.
The harpoon shot hits you!!
You die...

* ..#.#...## ##....# * **
*♣*##...# P...# , ♣♣♣
#....## ##...## ♣
.w♣♣♣....## .....# l.
§§§♣♣....###...#*
...♣♣§.§♣.P........# #
♣§§≈§§§3♣♣.........## #.
*§§§§§w≈D≈♣.##....†..##.
*§§§§§§§@.♣.#####...##.##
♣§§§♣♣♣D.♣♣# #....#... ≈
**♣§§♣♣ #...#.#.# >
♣♣♣♣§§♣ ##..†.....
♣♣...§§♣ * #†#.....#.
♣...♣♣♣♣, #.#.††####
♣...≈≈≈≈ * #####††#.#
♣♣w≈≈≈≈ ≈ * #...#. ♣♣≈≈≈≈
≈ ##.....


You could see a nine-headed hydra, a six-headed hydra (ally target), a komodo
dragon (fleeing), 2 swamp worms and a friendly ynoxinul (summoned).

Vanquished Creatures
  3 hydras
  Harold (D:11)
  Nergalle (D:10)
  Pikel (D:5)
  An ugly thing (D:11)
  6 elephants (Lair:2)
  Joseph (D:8)
  2 black mambas (Lair:1)
  9 cane toads
  2 gargoyles (D:11)
  A rime drake (Lair:1)
  3 komodo dragons
  A kobold demonologist (D:10)
  A troll (D:9)
  2 hornets
  Prince Ribbit (D:9)
  Sigmund (D:5)
  2 wraiths
  19 yaks
  3 wyverns
  3 basilisks
  A naga (Lair:2)
  Edmund (D:4)
  8 water moccasins
  A swamp worm (Lair:2)
  An acid dragon (D:11)
  5 orc warriors
  Duvessa (D:4)
  2 sky beasts
  2 black bears
  2 ogres
  2 necrophages (D:7)
  5 centaurs
  6 wolves (Lair:2)
  4 lemures (D:5)
  A phantom (D:7)
  Blork the orc (D:4)
  9 bullfrogs
  A kobold brigand (D:6)
  5 scorpions
  Dowan (D:4)
  3 gnoll sergeants
  2 water moccasin zombies (D:7)
  10 killer bees
  9 wights
  4 howler monkeys
  9 centaur zombies
  Crazy Yiuf (D:7)
  5 orc priests
  2 hounds (D:6)
  Jessica (D:2)
  8 iguanas
  8 orc wizards
  Robin (D:2)
  2 adders
  18 gnolls
  A shadow imp (D:8)
  2 white imps (D:7)
  3 ufetubi
  4 worms
  2 dart slugs
  20 orcs
  13 endoplasms
  7 giant cockroaches
  12 goblins
  12 hobgoblins
  12 jackals
  15 kobolds
  4 quokkas
  9 ball pythons
  7 bats
  2 frilled lizards (D:2)
  3 rats
334 creatures vanquished.

Vanquished Creatures (collateral kills)
  A vampire (D:10)
  A yak (Lair:2)
  A bullfrog (Lair:2)
3 creatures vanquished.

Vanquished Creatures (others)
  7 demonic plants (D:2)
  23 fungi
  30 plants
  2 withered plants (D:2)
62 creatures vanquished.

Grand Total: 399 creatures vanquished

Notes
Turn   | Place    | Note
-------+----------+-------------------------------------------
     0 | D:1      | dolemite99 the Deep Dwarf Fighter began the quest for the
                  | Orb.
     0 | D:1      | Reached XP level 1. HP: 20/20 MP: 1/1
   102 | D:1      | Reached XP level 2. HP: 20/27 MP: 2/2
   125 | D:1      | Found Sekiras's Assorted Antiques.
   739 | D:1      | Found Kyheneam's Antique Armour Shoppe.
   767 | D:1      | Found Xumonk's Assorted Antiques.
   801 | D:1      | Bought a scroll labelled HIKKUL MOSMU for 18 gold pieces
   811 | D:1      | Found Gygani's Antique Weapon Boutique.
   889 | D:1      | Reached XP level 3. HP: 29/33 MP: 3/3
  1018 | D:1      | Found Joopourch's Assorted Antiques.
  1021 | D:1      | Bought a scroll labelled KOTSELEUTIAFO for 32 gold pieces
  1126 | D:2      | You fall into a shaft and drop 2 floors!
  1126 | D:4      | Noticed a scorpion
  1142 | D:4      | Killed a scorpion
  1143 | D:4      | Reached skill level 5 in Axes
  1143 | D:4      | Reached XP level 4. HP: 33/40 MP: 4/4
  1407 | D:2      | Found a faded altar of an unknown god.
  1603 | D:1      | Bought a scroll labelled FUD YDOTUWERI for 23 gold pieces
  1679 | D:2      | Noticed Jessica
  1684 | D:2      | Killed Jessica
  1685 | D:2      | Reached XP level 5. HP: 32/46 MP: 5/5
  1878 | D:2      | Noticed Robin
  1906 | D:2      | Killed Robin
  2395 | D:3      | Reached skill level 1 in Short Blades
  2763 | D:3      | Found a transporter.
  2767 | D:3      | Found a white marble altar of Elyvilon.
  2768 | D:3      | Found a transporter.
  2784 | D:3      | Reached XP level 6. HP: 30/55 MP: 6/6
  2814 | D:3      | Found a broken altar of Ashenzari.
  3318 | D:4      | Noticed Edmund
  3363 | D:4      | Killed Edmund
  3682 | D:4      | Reached skill level 1 in Maces & Flails
  3794 | D:4      | Reached XP level 7. HP: 19/61 MP: 7/7
  3847 | D:4      | Noticed Blork the orc
  3859 | D:4      | Killed Blork the orc
  3982 | D:4      | Found the +2 ratskin cloak {*Rats rPois rN+ Str-1 Int-1
                  | Dex+1}
  4039 | D:4      | Noticed Duvessa
  4065 | D:4      | Noticed Dowan
  4072 | D:4      | Killed Duvessa
  4086 | D:4      | Killed Dowan
  5027 | D:5      | Entered Level 5 of the Dungeon
  5266 | D:5      | Reached skill level 5 in Maces & Flails
  5330 | D:5      | Found a hazy altar of Hepliaklqana.
  5331 | D:5      | Found a faded altar of an unknown god.
  5331 | D:5      | Found a faded altar of an unknown god.
  5527 | D:5      | Found an ancient bone altar of Kikubaaqudgha.
  5535 | D:5      | Noticed Pikel
  5565 | D:5      | Killed Pikel
  5566 | D:5      | Reached XP level 8. HP: 41/68 MP: 7/7
  5716 | D:5      | Identified the +9 war axe "Kuumuo" {venom, rElec Int+4}
  5722 | D:5      | Noticed Sigmund
  5743 | D:5      | Killed Sigmund
  6817 | D:6      | Found a hide-covered altar of Uskayaw.
  6822 | D:6      | Gained mutation: You passively map the area around you.
                  | [Deep Dwarf growth]
  6822 | D:6      | Reached XP level 9. HP: 54/74 MP: 7/7
  6856 | D:6      | Reached skill level 1 in Evocations
  6981 | D:6      | Found Zin's Purification Station.
  6982 | D:6      | Found a glowing silver altar of Zin.
  6990 | D:6      | Bought a potion of curing for 90 gold pieces
  7500 | D:7      | Reached skill level 5 in Evocations
  7672 | D:7      | Noticed a four-headed hydra
  7679 | D:7      | Killed a four-headed hydra
  7927 | D:7      | Reached XP level 10. HP: 44/81 MP: 6/6
  8014 | D:7      | Found a runed translucent door.
  8015 | D:7      | Noticed Crazy Yiuf
  8160 | D:7      | Reached skill level 10 in Axes
  8198 | D:7      | Found Peplor's Weapon Shoppe.
  8261 | D:7      | Found a staircase to the Ecumenical Temple.
  8268 | Temple   | Entered the Ecumenical Temple
  8368 | Temple   | Became a worshipper of Makhleb the Destroyer
  8796 | D:7      | Killed Crazy Yiuf
  8804 | D:7      | Learned a level 1 spell: Apportation
  8807 | D:7      | Learned a level 2 spell: Passwall
  8811 | D:7      | Learned a level 3 spell: Mephitic Cloud
  8815 | D:7      | Learned a level 3 spell: Swiftness
  9090 | D:8      | Reached * piety under Makhleb
  9252 | D:8      | Noticed Joseph
  9263 | D:8      | Killed Joseph
  9488 | D:8      | Reached skill level 1 in Slings
 10216 | D:1      | Bought a glowing kite shield for 135 gold pieces
 10229 | D:1      | Bought a potion of heal wounds for 90 gold pieces
 10229 | D:1      | Bought a potion of lignification for 54 gold pieces
 10392 | D:9      | Found a staircase to the Lair.
 10438 | D:9      | Reached skill level 5 in Slings
 10791 | D:9      | Found an ornate altar of the Wu Jian Council.
 10821 | D:9      | Noticed Prince Ribbit
 10823 | D:9      | Killed Prince Ribbit
 11227 | D:10     | Entered Level 10 of the Dungeon
 11268 | D:10     | Found a bloodstained altar of Trog.
 11270 | D:10     | Reached ** piety under Makhleb
 11420 | D:10     | Reached XP level 11. HP: 60/88 MP: 6/6
 11437 | D:10     | Reached skill level 1 in Invocations
 11462 | D:10     | Reached skill level 2 in Invocations
 11476 | D:10     | Reached skill level 3 in Invocations
 11714 | D:10     | Noticed Nergalle
 11718 | D:10     | Killed Nergalle
 11719 | D:10     | Reached skill level 5 in Invocations
 11746 | D:10     | Found a staircase to the Orcish Mines.
 12014 | D:11     | Reached skill level 6 in Invocations
 12107 | D:11     | Reached skill level 7 in Invocations
 12266 | D:11     | Reached skill level 8 in Invocations
 12367 | D:11     | Noticed a cyan ugly thing
 12371 | D:11     | Killed a cyan ugly thing
 12467 | D:11     | Reached skill level 9 in Invocations
 12511 | D:11     | Noticed Harold
 12534 | D:11     | Killed Harold
 12534 | D:11     | Reached *** piety under Makhleb
 12535 | D:11     | Reached skill level 10 in Invocations
 13276 | D:1      | Bought a scroll of identify for 46 gold pieces
 13276 | D:1      | Bought a scroll of identify for 46 gold pieces
 13468 | Lair:1   | Entered Level 1 of the Lair of Beasts
 13472 | Lair:1   | Reached skill level 11 in Invocations
 13687 | Lair:1   | Reached skill level 12 in Invocations
 13975 | Lair:1   | Reached XP level 12. HP: 34/97 MP: 15/15
 14674 | Lair:2   | Reached skill level 5 in Fighting
 14792 | Lair:2   | Found a hole to the Spider Nest.
 14792 | Lair:2   | Noticed a seven-headed hydra
 14820 | Lair:2   | Killed a seven-headed hydra
 14862 | Lair:2   | Reached **** piety under Makhleb
 14937 | Lair:2   | You fall into a shaft and drop 2 floors!
 14968 | Lair:4   | Noticed an eight-headed hydra
 14999 | Lair:4   | Killed a ten-headed hydra
 15260 | Lair:2   | Noticed an eight-headed hydra
 15268 | Lair:2   | Noticed a five-headed hydra
 15278 | Lair:2   | HP: 5/114 [nine-headed hydra (8)]
 15287 | Lair:2   | Killed from afar by a swamp worm

Illustrated notes

Levels and vault maps discovered:
D:1:      elethiomel_arrival_infinity_welcomes_careful_drivers, layout_basic,
          serial_shops, shop, nicolae_shop_stone, nicolae_shop_behind_doors,
          shop, nicolae_shop_behind_doors
D:2:      layout_loops_corners, shapermc_ecumenical_altar_gd, uniq_robin,
          uniq_jessica
D:3:      layout_basic, gammafunk_temple_overflow_arena
D:4:      layout_layer_cave, uniq_duvessa, uniq_blork_the_orc, uniq_edmund
D:5:      layout_loops_ring, nicolae_hepliaklqana_ecumenical_no_more,
          kennysheep_mini, cheibrodos_sewer_entry_bend,
          kennysheep_generic_room_7, uniq_sigmund, uniq_pikel
D:6:      layout_basic, nicolae_uskayaw_dance_studio, zin_purify, minivault_1,
          grunt_ministairs_7
D:7:      minmay_thick_lines, layout_basic, minmay_temple_entry_mini_moons,
          serial_shops, nicolae_shop_statue_plus, uniq_crazy_yiuf_cottage
D:8:      layout_basic, uniq_joseph
D:9:      layout_gridville, nicolae_wu_jian_immortal_techniques,
          lair_entry_dummy, uniq_prince_ribbit1
D:10:     layout_cave_pools, trog_antimagical, david_orc_3, uniq_nergalle
D:11:     layout_loops_ring, uniq_harold
Temple:   jpeg_temple_clearing
Lair:1:   layout_loops_ring, serial_bayou_shore_a, infiniplex_staircase_pool
Lair:2:   layout_concentric_octagons, palyth_hydra_swamp_entry,
          nicolae_spider_entry_non_spiders, portal_ice_cave_entry_ice_simulacra,
          beast_lair_carwin_8
Lair:3:   layout_regular_city
Lair:4:   layout_regular_city

Skill      XL: |  1  2  3  4  5  6  7  8  9 10 11 12 |
---------------+-------------------------------------+-----
Axes           | 3 5 6 8 9 11 | 11.0
Short Blades   | 2 |  2.4
Shields        | 4 |  4.8
Maces & Flails | 2 7 |  7.9
Evocations     | 9 |  9.8
Slings         | 7 |  7.7
Invocations    | 12 | 12.4
Fighting       | 3 9 |  9.0
Armour         | 4 |  4.7

Action                   |  1- 3 |  4- 6 |  7- 9 | 10-12 || total
-------------------------+-------+-------+-------+-------++-------
Melee: War axe           |    75 |    74 |    95 |   363 ||   607
       Dagger            |       |    98 |       |       ||    98
       Flail             |       |    18 |   124 |       ||   142
       Unarmed           |       |       |    15 |       ||    15
 Fire: Hunting sling     |       |       |       |   250 ||   250
Throw: Javelin           |       |     6 |    22 |     9 ||    37
       Dart              |       |       |    15 |       ||    15
       Stone             |       |       |     3 |       ||     3
Invok: Minor Destruction |       |       |       |     9 ||     9
       Lesser Servant of |       |       |       |     7 ||     7
 Abil: Heal Wounds       |     1 |     2 |     8 |    25 ||    36
Evoke: Wand              |       |       |    10 |    25 ||    35
  Use: Scroll            |     4 |     6 |     4 |    18 ||    32
       Potion            |       |     1 |     2 |     9 ||    12
 Stab: Distracted        |       |       |       |     1 ||     1
       Invisible         |       |       |       |     1 ||     1
Armor: Scale mail        |    39 |    77 |    59 |       ||   175
       Skin              |       |    11 |       |     9 ||    20
       Plate armour      |       |       |    91 |   368 ||   459
Dodge: Dodged            |    32 |    47 |    81 |   110 ||   270
Block: Kite shield       |    36 |   105 |   135 |   378 ||   654

Table legend: (Time is in decaauts)
 A = Elapsed time spent in this place.
 B = Non-inter-level travel time spent in this place.
 C = Inter-level travel time spent in this place.
 D = Time resting spent in this place.
 E = Time spent auto-exploring this place.
 F = Levels seen in this place.
 G = Mean time per level.
                   A        B        C        D        E       F      G
               +--------+--------+--------+--------+--------+-----+--------+
         Total |  15546 |  14483 |   1063 |   2420 |   8514 |  16 |  971.6 |
       Dungeon |  13580 |  12573 |   1007 |   2205 |   7446 |  11 | 1234.5 |
        Temple |    117 |    101 |     16 |      0 |     95 |   1 |  117.0 |
          Lair |   1848 |   1809 |     39 |    215 |    972 |   4 |  462.0 |
               +--------+--------+--------+--------+--------+-----+--------+

Top non-repeatable levels by time:
     D:4: 1878 daAuts
     D:5: 1578 daAuts
     D:7: 1378 daAuts
     D:1: 1354 daAuts
     D:8: 1284 daAuts
  Lair:1: 1180 daAuts
     D:2: 1115 daAuts
    D:11: 1110 daAuts
     D:6: 1084 daAuts
     D:3: 1050 daAuts
     D:9: 927 daAuts
    D:10: 818 daAuts
  Lair:2: 340 daAuts
  Lair:4: 240 daAuts
  Temple: 117 daAuts
